 Dungeon Crawl Stone Soup version 0.31-a0-818-ge7c7cf74f0 (webtiles) character file.

Game seed: 6980570928805315033

525 Kurtz the Chopper (level 7, -1/46 HPs)
             Began as an Octopode Fighter on Sept 22, 2023.
             Slain by a scorpion (8 damage)
             ... on level 5 of the Dungeon.
             The game lasted 00:03:29 (3703 turns).

Kurtz the Chopper (Octopode Fighter)                Turns: 3703, Time: 00:03:30

Health: -1/46      AC:  1    Str: 16    XL:     7   Next: 22%
Magic:  7/7        EV: 13    Int: 10    God:
Gold:   236        SH:  5    Dex: 13    Spells: 6/6 levels left

rFire   . . .        a - +0 war axe
rCold   . . .        b - +0 buckler
rNeg    . . .        (helmet restricted)
rPois   .            (no amulet)
rElec   .            (no ring)
rCorr   .            (no ring)
SInv    .            (no ring)
Will    .....        (no ring)
Stlth   ++           (no ring)
HPRegen 0.27/turn    (no ring)
MPRegen 0.10/turn    (no ring)
                     (no ring)

%: no passive effects
@: no status effects
A: almost no armour, amphibious, 8 rings, camouflage 1, gelatinous body 1,
(nimble swimmer 1), tentacles
a: no special abilities


You were on level 5 of the Dungeon.
You visited 1 branch of the dungeon, and saw 5 of its levels.

You collected 236 gold pieces.

Inventory:

Hand Weapons
 a - a +0 war axe (weapon)
Missiles
 h - 9 poisoned darts
 k - 6 javelins
 x - a throwing net
Armour
 b - a +0 buckler (worn)
Wands
 r - a wand of polymorph (13)
 w - a wand of mindburst (7)
Scrolls
 d - 3 scrolls of noise {unknown}
 e - 6 scrolls of identify {unknown}
 f - 2 scrolls of enchant weapon {unknown}
 g - 3 scrolls of revelation {unknown}
 i - 3 scrolls of fear {unknown}
 m - a scroll of torment {unknown}
 n - a scroll of amnesia {unknown}
 p - a scroll of enchant armour {unknown}
 q - a scroll of silence {unknown}
 s - a scroll of teleportation {unknown}
 v - a scroll of poison {unknown}
 y - a scroll of immolation {unknown}
 A - a scroll of vulnerability {unknown}
Potions
 c - a potion of might
 j - 3 potions of degeneration {unknown}
 l - a potion of cancellation {unknown}
 o - 3 potions of curing {unknown}
 t - a potion of enlightenment {unknown}
 u - 2 potions of attraction {unknown}
 z - a potion of berserk rage {unknown}


   Skills:
 - Level 3.0 Fighting
 * Level 7.1 Axes
 * Level 3.6 Dodging
 * Level 3.5 Shields


You had 6 spell levels left.
You didn't know any spells.
Your spell library contained the following spells:

 Spells                   Type           Power      Damage    Failure   Level
 Ozocubu's Armour         Ice            0%         N/A       82%         3
 Ozocubu's Refrigeration  Ice            0%         4d7       100%        7


Dungeon Overview and Level Annotations

Branches:
Dungeon (5/15)
 Temple: D:4-7

Altars:
Hepliaklqana
Ru
Vehumet
The Shining One


Innate Abilities, Weirdness & Mutations

You cannot wear most types of armour.
You are amphibious.
You can wear up to eight rings at the same time.
Your skin changes colour to match your surroundings (Stealth+).
Your rubbery body absorbs attacks. (AC +1, EV +1)
((You are camouflaged when in or above water. (Stealth+)))
You have tentacles for arms and can constrict up to eight enemies at once.


Message History

Found a mace.
Found 5 stones.
Found an escape hatch in the floor.
You now have 236 gold pieces (gained 12).
You see here 5 stones.
A - a scroll labelled WOUBOD MISH An orc comes into view.
It is wielding a +0 hand axe.
An orc is nearby!
Found a club.
The orc shouts!
No target in view!
No target in view!
An orc priest comes into view. It is wielding a +0 mace.
Found a stone staircase leading down.
An orc comes into view. It is wielding a +0 hand axe.
A scorpion comes into view.
The orc priest mumbles some strange prayers to Beogh against you.
Beogh smites you! The orc hits you with a +0 hand axe.
The orc attacks as it pursues you! The orc closely misses you.
You hit the orc priest. You grab the orc priest. You squeeze the orc priest!
The orc priest is severely wounded.
You hit the orc but do no damage. You constrict the orc priest.
The orc barely misses you. The orc priest hits you with a +0 mace!
Unknown command.
You completely miss the orc priest. You tentacle-slap the orc priest.
The orc priest is almost dead.
You hit the orc.
You constrict the orc priest, but do no damage.
The orc barely misses you. You block the orc priest's attack.
The orc hits you with a +0 hand axe.
The orc priest invokes the aid of Beogh against you.
Beogh smites you!
* * * LOW HITPOINT WARNING * * *
You slash the orc priest!
You kill the orc priest!
You slash the orc!
You kill the orc!
You closely miss the scorpion. You hit the orc but do no damage.
The scorpion stings you!
You die...

#.#.# ..#.. ### ##...# .......
...>..... ...#....
....#..###.#.#....
#.#........o......
#..###...###......
.####.#......#...... .
............so))# ..
####...##.##@).# ...
##..##..##..#
....####............###### .#
.........####............# .#
....##..######.#.....###.## .#
.... #....................#####..
....##.##......#...#.#.##...##...
......(......#............#.##...
..........#####..<...#.##<.......


You could see a scorpion and an orc.

Vanquished Creatures
  A black bear (D:5)
  A phantom (D:4)
  2 bullfrogs
  An orc priest (D:5)
  2 iguanas
  3 gnolls (D:4)
  6 adders
  4 worms
  3 dart slugs
  4 orcs
  13 ball pythons
  4 endoplasms
  2 giant cockroaches
  5 goblins
  6 hobgoblins
  6 jackals
  5 kobolds
  2 quokkas
  5 bats
  2 frilled lizards
  5 rats
82 creatures vanquished.

Notes
Turn   | Place    | Note
-------+----------+-------------------------------------------
     0 | D:1      | Kurtz the Octopode Fighter began the quest for the Orb.
     0 | D:1      | Reached XP level 1. HP: 16/16 MP: 1/1
    98 | D:1      | Reached XP level 2. HP: 21/21 MP: 2/2
   154 | D:1      | Found a faded altar of an unknown god.
   268 | D:1      | Reached skill level 3 in Axes
   718 | D:1      | Reached XP level 3. HP: 26/26 MP: 3/3
  1081 | D:2      | Found a glowing golden altar of the Shining One.
  1518 | D:2      | Reached skill level 4 in Axes
  1523 | D:2      | Reached XP level 4. HP: 16/31 MP: 4/4
  2388 | D:3      | Found a radiant altar of Vehumet.
  2780 | D:4      | Noticed a bullfrog
  2960 | D:4      | Reached XP level 5. HP: 18/36 MP: 5/5
  2961 | D:4      | Reached skill level 5 in Axes
  3047 | D:4      | Noticed a phantom
  3072 | D:4      | Killed a phantom
  3073 | D:4      | Reached XP level 6. HP: 19/42 MP: 6/6
  3077 | D:4      | Reached skill level 6 in Axes
  3256 | D:4      | Found a hazy altar of Hepliaklqana.
  3257 | D:4      | Found a sacrificial altar of Ru.
  3611 | D:5      | Entered Level 5 of the Dungeon
  3636 | D:5      | Noticed a black bear
  3638 | D:5      | Killed a black bear
  3639 | D:5      | Reached XP level 7. HP: 46/46 MP: 7/7
  3645 | D:5      | Reached skill level 7 in Axes
  3703 | D:5      | Slain by a scorpion

Illustrated notes

Levels and vault maps discovered:
D:1:      sevenhm_arrival_forest_fort_large_4, layout_basic, serial_bayou,
          serial_bayou_crossing, serial_bayou_shore_a, serial_bayou_pond_a,
          serial_bayou_ford_a, hellmonk_ecumenical_altar_lost_god,
          ebering_dispersal_statue_hall, minmay_stone_trees_small
D:2:      layout_loops_ring, basic_altar, minmay_tromino_i2
D:3:      layout_loops_corners, mainiacjoe_overflow_alcove_2, st_stairs_5,
          kennysheep_generic_room_9
D:4:      layout_basic, nicolae_overflow_two_pavilions
D:5:      layout_rooms

Skill      XL: |  1  2  3  4  5  6  7 |
---------------+----------------------+-----
Axes           | 3 4 5 6 7 |  7.1
Fighting       | |  3.0
Dodging        | |  3.6
Shields        | |  3.5

Action                     |  1- 3 |  4- 6 |  7- 9 || total
---------------------------+-------+-------+-------++-------
  Melee: War axe           |    52 |    89 |     6 ||   147
         Constrict         |    15 |    27 |     2 ||    44
         Tentacles         |     5 |    18 |     1 ||    24
         Punch             |       |     3 |     1 ||     4
  Evoke: Wand              |       |     5 |       ||     5
    Use: Potion            |       |     1 |       ||     1
   Stab: Sleeping          |     7 |     5 |       ||    12
         Distracted        |       |     1 |       ||     1
 Armour: Skin              |    22 |    38 |     5 ||    65
  Dodge: Dodged            |    35 |    56 |     6 ||    97
  Block: Buckler           |     8 |    20 |     1 ||    29

Table legend: (Time is in decaauts)
 A = Elapsed time spent in this place.
 B = Non-inter-level travel time spent in this place.
 C = Inter-level travel time spent in this place.
 D = Time resting spent in this place.
 E = Time spent auto-exploring this place.
 F = Levels seen in this place.
 G = Mean time per level.
                   A        B        C        D        E       F      G
               +--------+--------+--------+--------+--------+-----+--------+
         Total |   3747 |   3613 |    134 |    405 |   2602 |   5 |  749.4 |
       Dungeon |   3747 |   3613 |    134 |    405 |   2602 |   5 |  749.4 |
               +--------+--------+--------+--------+--------+-----+--------+

Top non-repeatable levels by time:
     D:1: 992 daAuts
     D:2: 957 daAuts
     D:3: 873 daAuts
     D:4: 831 daAuts
     D:5: 92 daAuts
